AoeStats
← Renbaez

Arabia

510023022Analyzed
1v1 RM · 4d ago on Sep 29, 2026· 26m 32s· 2 players
Game mode
Random Map
Map size
Tiny (2 player)
Population
200
Speed
Normal
Resources
Standard
Victory
Conquest
Starting age
Dark Age
Ending age
Imperial Age
RankedLock teamsTeams togetherTeam positionsShared explorationLock speedFull tech treeHidden civsTurbo modeCheats
Victory
Defeat
🇨🇴 Franks · Colombia
893
+17
🇲🇽 Tatars · Mexico
911
-17
juanagredo66
5:26 Loom
9:13 Feudal Age
19:18 Castle Age
17:33 Double-Bit Axe
18:34 Fletching
21:17 Forging
23:38 Scale Barding Armor
23:31 Gold Mining
23:45 Padded Archer Armor
23:16 Crossbowman
Renbaez
10:42 Feudal Age
9:42 Loom
11:23 Double-Bit Axe
13:58 Loom
15:19 Wheelbarrow
21:22 Castle Age
20:51 Gold Mining
Connection lost

Rejoining the realm…

Still unreachable

The connection could not be restored.

Session expired

The server has moved on; the page needs a fresh start.